 Dungeon Crawl Stone Soup version 0.18-a0-816-g97f838e (webtiles) character file.

80 Duffy the Chopper (level 4, 20/40 HPs)
             Began as a Deep Dwarf Berserker on Dec 15, 2015.
             Was a Believer of Trog.
             Quit the game on level 2 of the Dungeon.
             The game lasted 00:02:03 (1289 turns).

Duffy the Chopper (Deep Dwarf Berserker)            Turns: 1289, Time: 00:02:04

Health: 20/40      AC:  9    Str: 20    XL:     4   Next: 18%
Magic:  4/4        EV: 11    Int:  8    God:    Trog [**....]
Gold:   94         SH:  0    Dex: 13    Spells: 0 memorised, 3 levels left

rFire  . . .     SeeInvis .     a - +0 hand axe
rCold  . . .     Clarity  .     l - +0 ring mail
rNeg   . . .     SustAt   .     (no shield)
rPois  .         Gourm    .     n - +0 helmet
rElec  .         Spirit   .     (no cloak)
rCorr  .         Dismiss  .     (no gloves)
rMut   .         Stasis   .     (no boots)
MR     .....                    (no amulet)
Stlth  +.........               (no ring)
                                p - +3 ring of protection

@: mildly poisoned (20 -> 20), non-regenerating, not resistant to hostile
enchantments, very unstealthy
A: damage resistance, recharge devices, sense surroundings 1, slow regeneration
3
a: Device Recharging, Berserk, Trog's Hand, Burn Spellbooks, Renounce Religion


You were on level 2 of the Dungeon.
You worshipped Trog.
Trog was pleased with you.
You were not hungry.

You visited 1 branch of the dungeon, and saw 2 of its levels.

You collected 94 gold pieces.


Innate Abilities, Weirdness & Mutations

You are resistant to damage.
You can recharge devices by infusing magical energy.
You passively map a small area around you.
You do not regenerate naturally.


   Skills:
 - Level 2.6 Fighting
 + Level 5.4 Axes
 - Level 2.5 Armour
 - Level 2.2 Dodging


You had 3 spell levels left.
You didn't know any spells.

Inventory:

Hand Weapons
 a - a +0 hand axe (weapon)
Missiles
 g - a throwing net (quivered)
Armour
 b - a +0 animal skin
 l - a +0 ring mail (worn)
 n - a +0 helmet (worn)
Jewellery
 p - a +3 ring of protection (left hand)
Wands
 c - a wand of heal wounds (4)
 o - a wand of digging (5)
 r - a wand of random effects (25)
Scrolls
 e - a scroll of recharging {unknown}
 h - 2 scrolls of teleportation {unknown}
 i - a scroll of remove curse {unknown}
 m - 2 scrolls of blinking {unknown}
 s - 2 scrolls of random uselessness {unknown}
 t - a scroll of noise {unknown}
 v - a scroll of amnesia {unknown}
 w - a scroll of enchant armour {unknown}
Potions
 j - 2 potions of magic {unknown}
 k - 2 potions of haste {unknown}
 q - a potion of poison
Comestibles
 d - 5 bread rations
 f - 2 meat rations
 u - a chunk of flesh

Dungeon Overview and Level Annotations

Branches:
Dungeon (2/15)

Altars:
Ashenzari
Vehumet


Message History

The giant gecko bites you but does no damage.
You hit the giant gecko.
You kill the giant gecko!
Trog accepts your kill.
You swing at nothing.
You swing at nothing.
You swing at nothing.
You swing at nothing.
You swing at nothing.
You are feeling hungry.
You swing at nothing.
You swing at nothing.
You swing at nothing.
You swing at nothing.
You see here a giant gecko corpse.
You butcher the giant gecko corpse.
u - 2 chunks of flesh Eating one of 2 chunks of flesh.
This raw flesh tastes terrible.
You continue eating. x2
Done exploring.
Done exploring.
Done exploring.
Done exploring.
Drink which item? (? for menu, Esc to quit)
It was a potion of poison.
That liquid tasted very nasty...
You are poisoned.
Eat which item? (? for menu, Esc to quit)
Okay, then.
Unknown command.
Drink which item? (? for menu, Esc to quit)
You don't have any such object.
Drink which item? (? for menu, Esc to quit)
You can't drink that!
Unknown command.
Are you sure you want to abandon this character and quit the game? (Confirm with "yes".)

#[.....# ##.# ##
#......# #.#
######## #.## #..#
##.# ###### #.# ##
#....# ###.#####.
#....# ##...%..##.
#.@..# ##........#.
#....# #...........
####.###...........
#...............
#####......%.).#
#..........#
##..........
##........##
#..........#


There were no monsters in sight!

Action                   |  1- 3 |  4- 6 || total
-------------------------+-------+-------++-------
Melee: Hand axe          |   110 |    22 ||   132
Evoke: Wand              |     1 |       ||     1
  Use: Potion            |       |     1 ||     1
  Eat: Chunk             |     1 |     1 ||     2

Notes
Turn   | Place    | Note
--------------------------------------------------------------
     0 | D:1      | Duffy the Deep Dwarf Berserker began the quest for the Orb.
     0 | D:1      | Reached XP level 1. HP: 20/20 MP: 1/1
   189 | D:1      | Reached XP level 2. HP: 10/27 MP: 2/2
   542 | D:1      | Reached skill level 4 in Axes
   670 | D:1      | Reached ** piety under Trog
   785 | D:2      | Reached XP level 3. HP: 30/33 MP: 3/3
   925 | D:2      | Found a radiant altar of Vehumet.
  1007 | D:2      | Reached skill level 5 in Axes
  1045 | D:2      | Reached XP level 4. HP: 23/40 MP: 4/4
  1089 | D:2      | Found a shattered altar of Ashenzari.
  1289 | D:2      | Quit the game

Vault maps used:
D:1:      minmay_arrival_arboretum_small, serial_forest,
          infiniplex_forest_lined_3_way, infiniplex_forest_corner_1,
          infiniplex_forest_clump_curved, infiniplex_forest_end_2,
          infiniplex_forest_clump_curved, hangedman_decor_opposing
D:2:      vehumet_crystals, first_bread, evilmike_ruin_ashenzari

Vanquished Creatures
  5 adders
  3 giant geckos
  A ball python
  5 giant cockroaches
  3 hobgoblins
  7 bats
  A giant newt
  4 goblins
  6 kobolds
  2 rats
37 creatures vanquished.
